 Dungeon Crawl Stone Soup version 0.31-a0-246-g8cbcc1cb85 (webtiles) character file.

Game seed: 7067999592781554783

10660 qw the Marksminotaur (level 11, 0/99 HPs)
             Began as a Minotaur Hexslinger on July 12, 2023.
             Was an Elder of Okawaru.
             Slain by a boulder beetle (47 damage)
             ... on level 10 of the Dungeon.
             The game lasted 00:05:09 (8878 turns).

qw the Marksminotaur (Minotaur Hexslinger)          Turns: 8878, Time: 00:05:09

Health: 0/99       AC: 11    Str: 14    XL:     11   Next: 39%
Magic:  11/13      EV: 22    Int: 10    God:    Okawaru [****..]
Gold:   1024       SH:  0    Dex: 16    Spells: 11/12 levels left

rFire   . . .        Y - +1 orcbow (flame)
rCold   . . .        (shield currently unavailable)
rNeg    . . .        p - +0 troll leather armour
rPois   .            b - +1 hat
rElec   .            e - +0 cloak
rCorr   +            (no gloves)
SInv    .            q - +2 pair of boots
Will    .....        (no amulet)
Stlth   +++          j - ring of resist corrosion
HPRegen 1.96/turn    l - +5 ring of evasion
MPRegen 0.13/turn

%: no passive effects
@: heroic
A: horns 2, retaliatory headbutt, regeneration 1, screaming 1, subdued magic 1
a: Renounce Religion, Heroism, Finesse


You were on level 10 of the Dungeon.
You worshipped Okawaru.
Okawaru was greatly pleased with you.
You visited 2 branches of the dungeon, and saw 11 of its levels.
You also visited: Sewer.

You collected 1024 gold pieces.


Innate Abilities, Weirdness & Mutations

You have a pair of horns on your head.
You reflexively headbutt those who attack you in melee.
Your natural rate of healing is unusually fast.
You occasionally shout uncontrollably at your foes.
Your spells are a little easier to cast, but a little less powerful.


   Skills:
 - Level 10.1(15.1) Fighting
 - Level 15.2(20.2) Ranged Weapons
 - Level 4.2(9.2) Armour
 + Level 6.2(11.2) Dodging
 - Level 1.0 Spellcasting
 - Level 2.0 Hexes
 + Level 4.2 Invocations


You had 11 spell levels left.
You knew the following spells:

 Your Spells              Type           Power      Damage    Failure   Level
a - Slow                  Hex            12%        N/A       16%         1

Your spell library contained the following spells:

 Spells                   Type           Power      Damage    Failure   Level
 Inner Flame              Hex/Fire       1%         N/A       58%         3
 Portal Projectile        Hex/Tloc       2%         N/A       58%         3
 Cause Fear               Hex            1%         N/A       85%         4

Inventory:

Hand Weapons
 Y - a +1 orcbow of flaming (weapon)
Armour
 b - a +1 hat (worn)
 e - a +0 cloak (worn)
 p - a +0 troll leather armour (worn)
 q - a +2 pair of boots (worn)
Jewellery
 d - a ring of ice
 j - a ring of resist corrosion (left hand)
 l - a +5 ring of evasion (right hand)
Scrolls
 a - 3 scrolls of identify
 g - a scroll of teleportation
Potions
 c - 4 potions of haste
 f - a potion of might
 h - 3 potions of mutation
 k - 2 potions of enlightenment
 m - a potion of cancellation
 n - a potion of curing

Dungeon Overview and Level Annotations

Branches:
Dungeon (10/15)            Temple (1/1) D:6             Orc (0/2) D:9
  Sewer (visited)
   Lair: D:8-11

Altars:
Ashenzari
Dithmenos
Elyvilon
Fedhas
Gozag
Hepliaklqana
Kikubaaqudgha
Makhleb
Nemelex Xobeh
Okawaru
Qazlal
Ru
Sif Muna
Trog
Vehumet
Wu Jian
Xom
Zin
The Shining One

Shops:
D:2 *


Message History

The boulder beetle closely misses you. You furiously retaliate!
You headbutt the boulder beetle, but do no damage.
You shoot an arrow.
The arrow barely misses the boulder beetle.
The boulder beetle bites you but does no damage.
You shoot an arrow.
The arrow hits the boulder beetle but does no damage.
The boulder beetle is moderately wounded.
A komodo dragon comes into view.
You shoot an arrow.
The arrow hits the boulder beetle but does no damage.
The boulder beetle is moderately wounded.
You feel like a meek peon again. Something hits you.
The boulder beetle leaps!
8872 ||| INVOKING Heroism.
You gain the combat prowess of a mighty hero.
Something hits you but does no damage.
You shoot an arrow.
The arrow hits the boulder beetle but does no damage.
The boulder beetle is moderately wounded.
You shoot an arrow. The arrow hits the boulder beetle.
The arrow burns the boulder beetle.
The boulder beetle is moderately wounded.
You shoot an arrow.
The arrow barely misses the komodo dragon.
Something hits you.
You shoot an arrow.
The arrow hits the boulder beetle but does no damage.
The boulder beetle is moderately wounded.
The boulder beetle curls into a ball and begins rolling!
You shoot an arrow.
The arrow closely misses the komodo dragon.
Something closely misses you.
The komodo dragon completely misses you.
You furiously retaliate!
You headbutt the komodo dragon. You shoot an arrow.
The arrow hits the boulder beetle but does no damage.
The boulder beetle is moderately wounded.
The boulder beetle hits you!!!
You die...

#### ... ... #..
#..# #...
...#.#)#########
./....l@........
...#...B..#####
#.###0.# # #<.#
#..# #..# #..#
#..# #..#


You could see a boulder beetle (rolling) and a komodo dragon.

Vanquished Creatures
  A two-headed ogre (D:7)
  A centaur warrior (D:10)
  An orc knight (D:10)
  A cyclops (D:10)
  A black mamba (shapeshifter) (D:10)
  Maggie (D:7)
  A komodo dragon (D:7)
  A troll (D:9)
  A centaur simulacrum (D:10)
  2 shadows
  6 yaks (D:9)
  2 wraiths
  A basilisk (D:10)
  5 humans (D:9)
  An acid dragon (D:9)
  A water moccasin (D:7)
  5 orc warriors (D:9)
  4 sky beasts
  2 ice beasts
  A black bear (D:6)
  A sky beast (shapeshifter) (D:9)
  An ogre (D:9)
  6 centaurs
  A phantom (D:5)
  7 bullfrogs
  3 kobold brigands
  3 scorpions
  12 wights
  2 killer bees (D:7)
  4 howler monkeys
  8 hounds
  2 orc priests
  2 gnoll boudas
  2 jellies
  2 sleepcaps
  13 orc wizards
  6 iguanas
  A statue (D:7)
  14 gnolls
  10 adders
  A shadow imp (D:7)
  2 white imps
  2 ufetubi
  A worm (D:3)
  5 dart slugs
  43 orcs
  15 ball pythons
  9 endoplasms
  13 giant cockroaches
  17 goblins
  11 hobgoblins
  A jackal (D:9)
  20 kobolds
  8 quokkas
  5 bats
  20 frilled lizards
  2 rats (D:1)
314 creatures vanquished.

Notes
Turn   | Place    | Note
-------+----------+-------------------------------------------
     0 | D:1      | qw the Minotaur Hexslinger began the quest for the Orb.
     0 | D:1      | Reached XP level 1. HP: 16/16 MP: 1/1
     0 | D:1      | 0 ||| qw: Version: 0.3-a-52-g30416fa
     0 | D:1      | 0 ||| qw: Game counter: 6571
     0 | D:1      | 0 ||| qw: Melee chars always use a shield: true
     0 | D:1      | 0 ||| qw: God list: Okawaru
     0 | D:1      | 0 ||| qw: Allow faded altars: false
     0 | D:1      | 0 ||| qw: Do Orc after clearing Dungeon:15 true
     0 | D:1      | 0 ||| qw: Do second Lair branch before Depths: true
     0 | D:1      | 0 ||| qw: Lair rune preference: random
     0 | D:1      | 0 ||| qw: Goals: Normal
     0 | D:1      | 0 ||| PLANNING D:1-11
   166 | D:1      | Reached skill level 3 in Ranged Weapons
   166 | D:1      | Reached XP level 2. HP: 23/23 MP: 2/2
   248 | D:1      | Found a faded altar of an unknown god.
   653 | D:1      | Reached XP level 3. HP: 29/29 MP: 3/3
   658 | D:1      | 658 ||| UPGRADING to +0 cloak.
   663 | D:1      | 663 ||| UPGRADING to +0 leather armour.
   673 | D:1      | 673 ||| DROPPING +0 robe.
   674 | D:1      | 674 ||| READING 4 scrolls labelled USECEJ JISUJ.
   675 | D:1      | 675 ||| DRINKING 2 blue potions.
   676 | D:1      | 676 ||| DRINKING 2 sedimented blue potions.
   676 | D:1      | Gained mutation: You have hidden genetic defects. [potion
                  | of mutation]
   676 | D:1      | Gained mutation: Your natural rate of healing is unusually
                  | fast. [potion of mutation]
   677 | D:1      | 677 ||| DROPPING scroll of poison.
   790 | D:2      | Reached skill level 4 in Ranged Weapons
   798 | D:2      | Gained mutation: You occasionally shout uncontrollably at
                  | your foes. [hidden defects]
  1142 | D:2      | Found Xydomairr's General Store.
  1142 | D:2      | You fall into a shaft and drop 2 floors!
  1153 | D:4      | HP: 4/29 [gnoll/+0 halberd (9)]
  1154 | D:4      | 1154 ||| DRINKING potion of heal wounds.
  1159 | D:4      | Gained mutation: Your spells are a little easier to cast,
                  | but a little less powerful. [hidden defects]
  1159 | D:4      | Lost mutation: You have hidden genetic defects. [hidden
                  | defects expressed]
  1236 | D:4      | Reached XP level 4. HP: 35/36 MP: 4/4
  1271 | D:4      | 1271 ||| READING scroll labelled LAODDO LECW.
  1272 | D:4      | 1272 ||| READING 3 scrolls labelled UNOOFFIOLY.
  1273 | D:4      | 1273 ||| DRINKING 2 smoky pink potions.
  1274 | D:4      | 1274 ||| DROPPING 2 scrolls of vulnerability.
  1302 | D:3      | Found a shadowy altar of Dithmenos.
  1355 | D:2      | 1355 ||| SHOPLISTING +1 pair of gloves (115 gold, have 58).
  1790 | D:3      | 1790 ||| UPGRADING to +0 ring mail.
  1800 | D:3      | 1800 ||| DROPPING +0 leather armour.
  1801 | D:3      | 1801 ||| READING 8 scrolls of identify.
  1801 | D:3      | 1801 ||| IDENTIFYING fuming pink potion
  1802 | D:3      | 1802 ||| DROPPING potion of brilliance.
  1810 | D:3      | 1810 ||| STAIRDANCE
  1937 | D:2      | Found a white marble altar of Elyvilon.
  1952 | D:2      | Reached skill level 1 in Armour
  2103 | D:2      | 2103 ||| READING scroll labelled PAADIM XUED.
  2104 | D:2      | 2104 ||| READING 7 scrolls of identify.
  2104 | D:2      | 2104 ||| IDENTIFYING grey potion
  2105 | D:2      | 2105 ||| READING 6 scrolls of identify.
  2105 | D:2      | 2105 ||| IDENTIFYING fizzy coppery potion
  2106 | D:2      | 2106 ||| DROPPING potion of lignification.
  2313 | D:3      | Found a glowing golden altar of the Shining One.
  2397 | D:3      | 2397 ||| SWAPPING to +0 orcbow.
  2398 | D:3      | 2398 ||| DROPPING +1 sling.
  2579 | D:3      | 2579 ||| READING 5 scrolls of identify.
  2579 | D:3      | 2579 ||| IDENTIFYING sapphire potion
  2580 | D:3      | 2580 ||| DROPPING potion of magic.
  2636 | D:4      | Reached skill level 5 in Ranged Weapons
  2667 | D:4      | 2667 ||| DRINKING potion of curing.
  2667 | D:4      | 2667 ||| (to cure confusion)
  2718 | D:4      | Reached skill level 3 in Fighting
  2718 | D:4      | Reached XP level 5. HP: 45/45 MP: 5/5
  2750 | D:4      | Found a blossoming altar of Fedhas.
  2831 | D:4      | HP: 10/45 [gnoll/+4 whip of electrocution (18)]
  2831 | D:4      | HP: 4/45 [gnoll/+4 whip of electrocution (6)]
  2832 | D:4      | 2832 ||| DRINKING potion of heal wounds.
  3389 | D:4      | 3389 ||| DROPPING scarf of invisibility.
  3390 | D:4      | 3390 ||| READING scroll labelled USOIRO HUSTIOKK.
  3391 | D:4      | 3391 ||| READING scroll labelled PAMEPI ASKIYNE.
  3392 | D:4      | 3392 ||| READING 4 scrolls of identify.
  3392 | D:4      | 3392 ||| IDENTIFYING pink potion
  3393 | D:4      | 3393 ||| READING 3 scrolls of identify.
  3393 | D:4      | 3393 ||| IDENTIFYING clear potion
  3394 | D:4      | 3394 ||| DROPPING potion of attraction.
  3411 | D:5      | Entered Level 5 of the Dungeon
  3414 | D:5      | Found a broken altar of Ashenzari.
  3423 | D:5      | Reached skill level 6 in Ranged Weapons
  3423 | D:5      | Reached XP level 6. HP: 51/51 MP: 6/6
  3778 | D:5      | Reached skill level 7 in Ranged Weapons
  3811 | D:5      | Reached XP level 7. HP: 59/59 MP: 7/7
  4080 | D:5      | Reached skill level 8 in Ranged Weapons
  4147 | D:5      | 4147 ||| UPGRADING to +1 hat.
  4152 | D:5      | 4152 ||| READING scroll labelled TUYKEKH RA MOM.
  4153 | D:5      | 4153 ||| READING 3 scrolls of identify.
  4153 | D:5      | 4153 ||| IDENTIFYING metallic green potion
  4176 | D:6      | 4176 ||| PLANNING SEWER
  4241 | D:6      | 4241 ||| FLEEEEING.
  4242 | D:6      | 4242 ||| FLEEEEING.
  4243 | D:6      | 4243 ||| FLEEEEING.
  4244 | D:6      | 4244 ||| FLEEEEING.
  4245 | D:6      | 4245 ||| FLEEEEING.
  4246 | D:6      | 4246 ||| FLEEEEING.
  4247 | D:6      | 4247 ||| FLEEEEING.
  4248 | D:6      | 4248 ||| FLEEEEING.
  4249 | D:6      | 4249 ||| FLEEEEING.
  4250 | D:6      | 4250 ||| FLEEEEING.
  4251 | D:6      | 4251 ||| FLEEEEING.
  4252 | D:6      | 4252 ||| FLEEEEING.
  4253 | D:6      | 4253 ||| FLEEEEING.
  4254 | D:6      | 4254 ||| FLEEEEING.
  4255 | D:6      | 4255 ||| FLEEEEING.
  4256 | D:6      | 4256 ||| FLEEEEING.
  4257 | D:6      | 4257 ||| FLEEEEING.
  4258 | D:6      | 4258 ||| FLEEEEING.
  4259 | D:6      | 4259 ||| FLEEEEING.
  4260 | D:6      | 4260 ||| FLEEEEING.
  4261 | D:6      | 4261 ||| FLEEEEING.
  4262 | D:6      | 4262 ||| FLEEEEING.
  4263 | D:6      | 4263 ||| FLEEEEING.
  4264 | D:6      | 4264 ||| FLEEEEING.
  4265 | D:6      | 4265 ||| FLEEEEING.
  4468 | D:6      | Found a staircase to the Ecumenical Temple.
  4499 | D:6      | 4499 ||| Stepping ~*~*~tactically~*~*~ (outnumbered).
  4505 | D:6      | 4505 ||| Stepping ~*~*~tactically~*~*~ (outnumbered).
  4509 | D:6      | Reached XP level 8. HP: 64/69 MP: 8/8
  4523 | D:6      | Reached skill level 9 in Ranged Weapons
  4649 | D:6      | Found a glowing drain.
  4650 | D:6      | 4650 ||| UPGRADING to +0 pair of boots.
  4655 | D:6      | 4655 ||| READING scroll labelled WOSUM LITYSMO.
  4656 | D:6      | 4656 ||| READING scroll labelled PYCROI ZEOC.
  4709 | Sewer    | Entered a sewer
  4724 | Sewer    | 4724 ||| Stepping ~*~*~tactically~*~*~ (water).
  4756 | Sewer    | 4756 ||| Stepping ~*~*~tactically~*~*~ (water).
  4772 | Sewer    | 4772 ||| Stepping ~*~*~tactically~*~*~ (water).
  4777 | Sewer    | 4777 ||| Stepping ~*~*~tactically~*~*~ (water).
  4797 | Sewer    | 4797 ||| Stepping ~*~*~tactically~*~*~ (water).
  4810 | Sewer    | 4810 ||| Stepping ~*~*~tactically~*~*~ (water).
  4813 | Sewer    | Reached skill level 6 in Fighting
  4849 | Sewer    | 4849 ||| Stepping ~*~*~tactically~*~*~ (water).
  4859 | Sewer    | 4859 ||| Stepping ~*~*~tactically~*~*~ (water).
  4878 | Sewer    | 4878 ||| Stepping ~*~*~tactically~*~*~ (water).
  4880 | Sewer    | 4880 ||| Stepping ~*~*~tactically~*~*~ (water).
  4888 | Sewer    | 4888 ||| Stepping ~*~*~tactically~*~*~ (water).
  4902 | Sewer    | 4902 ||| Stepping ~*~*~tactically~*~*~ (water).
  4952 | Sewer    | 4952 ||| Stepping ~*~*~tactically~*~*~ (water).
  4957 | Sewer    | Reached skill level 3 in Dodging
  4968 | Sewer    | Identified the +1 robe of Indemnity {rElec Int+4}
  4975 | Sewer    | 4975 ||| UPGRADING to +1 robe of Indemnity {rElec Int+4}.
  4999 | D:6      | 4999 ||| PLANNING TEMPLE
  5025 | Temple   | Entered the Ecumenical Temple
  5026 | Temple   | 5026 ||| PLANNING OKAWARU WORSHIP
  5211 | Temple   | Became a worshipper of Warmaster Okawaru
  5212 | Temple   | 5212 ||| PLANNING D:1-11
  5291 | D:6      | Found a shimmering blue altar of Sif Muna.
  5452 | D:6      | 5452 ||| UPGRADING to ring of resist corrosion.
  5496 | D:7      | 5496 ||| STAIRDANCE
  5508 | D:6      | HP: 10/58 [wight/+0 falchion (7)]
  5509 | D:6      | Reached skill level 10 in Ranged Weapons
  5567 | D:7      | 5567 ||| STAIRDANCE
  5573 | D:6      | HP: 16/67 [ice beast (2)]
  5575 | D:6      | Reached * piety under Okawaru
  5630 | D:7      | 5630 ||| INVOKING Heroism.
  5650 | D:7      | 5650 ||| STAIRDANCE
  5723 | D:7      | Reached skill level 1 in Invocations
  5756 | D:7      | Noticed a komodo dragon
  5757 | D:7      | 5757 ||| INVOKING Heroism.
  5760 | D:7      | Reached XP level 9. HP: 79/79 MP: 6/9
  5774 | D:7      | Killed a komodo dragon
  5790 | D:7      | 5790 ||| FLEEEEING.
  5791 | D:7      | 5791 ||| FLEEEEING.
  5792 | D:7      | 5792 ||| FLEEEEING.
  5917 | D:7      | 5917 ||| FLEEEEING.
  5918 | D:7      | 5918 ||| FLEEEEING.
  5982 | D:7      | Noticed Maggie
  5991 | D:7      | Killed Maggie
  5992 | D:7      | Reached skill level 3 in Invocations
  6033 | D:7      | Noticed a two-headed ogre
  6034 | D:7      | 6034 ||| INVOKING Heroism.
  6047 | D:7      | Reached skill level 11 in Ranged Weapons
  6125 | D:7      | Reached ** piety under Okawaru
  6147 | D:7      | 6147 ||| INVOKING Heroism.
  6153 | D:7      | HP: 13/79 [two-headed ogre/+0 giant club (15)]
  6154 | D:7      | 6154 ||| DRINKING potion of heal wounds.
  6158 | D:7      | Killed a two-headed ogre
  6159 | D:7      | Reached skill level 12 in Ranged Weapons
  6161 | D:7      | HP: 17/79 [something (1)]
  6169 | D:7      | HP: 11/79 [something (2)]
  6171 | D:7      | 6171 ||| INVOKING Heroism.
  6178 | D:7      | Reached XP level 10. HP: 18/88 MP: 9/12
  6309 | D:7      | 6309 ||| INVOKING Heroism.
  6488 | D:7      | Found a radiant altar of Vehumet.
  6489 | D:7      | 6489 ||| INVOKING Heroism.
  6529 | D:7      | 6529 ||| DROPPING +0 ring mail.
  6530 | D:7      | 6530 ||| UPGRADING to +0 steam dragon scales.
  6540 | D:7      | 6540 ||| DROPPING +1 robe of Indemnity {rElec Int+4}.
  6541 | D:7      | 6541 ||| READING scroll labelled ONADA RAOBRANT.
  6546 | D:7      | 6546 ||| DRINKING 2 fizzy blue potions.
  6547 | D:7      | 6547 ||| READING 3 scrolls of identify.
  6547 | D:7      | 6547 ||| IDENTIFYING bubbling yellow potion
  6548 | D:7      | 6548 ||| DROPPING potion of ambrosia.
  6718 | D:8      | Reached skill level 3 in Armour
  6722 | D:8      | Found a sparkling altar of Nemelex Xobeh.
  6851 | D:8      | 6851 ||| Stepping ~*~*~tactically~*~*~ (outnumbered).
  7175 | D:8      | Found a stormy altar of Qazlal.
  7266 | D:8      | 7266 ||| UPGRADING to +5 ring of evasion.
  7267 | D:8      | 7267 ||| READING scroll labelled FUECOMMOIPP.
  7297 | D:9      | 7297 ||| INVOKING Heroism.
  7304 | D:9      | Reached skill level 13 in Ranged Weapons
  7308 | D:9      | 7308 ||| STAIRDANCE
  7314 | D:8      | 7314 ||| INVOKING Heroism.
  7368 | D:9      | 7368 ||| INVOKING Heroism.
  7372 | D:9      | Reached skill level 9 in Fighting
  7419 | D:9      | 7419 ||| INVOKING Heroism.
  7444 | D:9      | 7444 ||| Stepping ~*~*~tactically~*~*~ (outnumbered).
  7457 | D:9      | Found a staircase to the Orcish Mines.
  7460 | D:9      | 7460 ||| INVOKING Heroism.
  7464 | D:9      | Reached skill level 6 in Dodging
  7707 | D:9      | 7707 ||| Stepping ~*~*~tactically~*~*~ (outnumbered).
  7710 | D:9      | 7710 ||| Stepping ~*~*~tactically~*~*~ (outnumbered).
  7781 | D:9      | Identified the +3 hand axe of the Thieving Penguin {flame,
                  | rF- rN+ rCorr}
  7828 | D:9      | 7828 ||| INVOKING Heroism.
  7983 | D:9      | 7983 ||| INVOKING Heroism.
  8114 | D:9      | Reached *** piety under Okawaru
  8115 | D:9      | Reached skill level 14 in Ranged Weapons
  8153 | D:9      | Reached XP level 11. HP: 83/99 MP: 13/13
  8167 | D:9      | 8167 ||| INVOKING Heroism.
  8710 | D:9      | 8710 ||| UPGRADING to +0 troll leather armour.
  8720 | D:9      | 8720 ||| DROPPING +0 steam dragon scales.
  8721 | D:9      | 8721 ||| UPGRADING to +2 pair of boots.
  8731 | D:9      | 8731 ||| DROPPING +0 pair of boots.
  8767 | D:10     | Entered Level 10 of the Dungeon
  8769 | D:10     | 8769 ||| INVOKING Heroism.
  8774 | D:10     | Noticed a centaur warrior
  8775 | D:10     | 8775 ||| Stepping ~*~*~tactically~*~*~ (outnumbered).
  8795 | D:10     | 8795 ||| STAIRDANCE
  8806 | D:9      | Reached **** piety under Okawaru
  8818 | D:10     | 8818 ||| INVOKING Heroism.
  8839 | D:10     | Noticed an orc knight
  8843 | D:10     | 8843 ||| INVOKING Heroism.
  8853 | D:10     | Killed an orc knight
  8856 | D:10     | Killed a centaur warrior
  8856 | D:10     | Noticed a boulder beetle
  8857 | D:10     | Reached skill level 15 in Ranged Weapons
  8862 | D:10     | Noticed an ogre mage
  8872 | D:10     | 8872 ||| INVOKING Heroism.
  8878 | D:10     | Slain by a boulder beetle

Levels and vault maps discovered:
D:1:      lemuel_arrival_muddy, layout_basic, shapermc_ecumenical_altar_ellora
D:2:      layout_basic, basic_altar, serial_shops, shop
D:3:      layout_loops_ring, mainiacjoe_overflow_chevrons,
          mainiacjoe_overflow_alcove_1, kennysheep_donut,
          dreamdust_princess_bridge, hex_medium, nrook_mini_backslash
D:4:      corexii_shantytown, layout_basic, mainiacjoe_overflow_tiny_flanked
D:5:      layout_gridville, cheibrodos_ashenzari_chains
D:6:      layout_loops_cross, tgw_sif, minmay_temple_entry_offerings,
          gup_sewer_entry_glass
D:7:      minmay_polygon_palace, layout_cave_pools, vehumet_statue,
          minmay_lizard_king, uniq_maggie
D:8:      layout_cave_pods, nemelex_xobeh_ov_fountains_minmay, kennysheep_mini
D:9:      erik_cavepeople, layout_irregular_city, erik_orc_3,
          nicolae_zen_rock_garden, hangedman_decor_peaks_small,
          grunt_ministairs_13
D:10:     layout_long_grid, kennysheep_ying_yang,
          gammafunk_temple_overflow_statue, erik_lair_dragon, minivault_28
Temple:   chequers_temple_sunken

Skill      XL: |  1  2  3  4  5  6  7  8  9 10 11 |
---------------+----------------------------------+-----
Ranged Weapons | 3 4 5 6 7 8 10 12 14 15 | 15.2
Fighting       | 2 3 4 5 7 9 10 | 10.1
Armour         | 1 2 4 |  4.2
Dodging        | 4 5 6 |  6.2
Invocations    | 1 4 |  4.2
Spellcasting   | |  1.0
Hexes          | |  2.0

Action                     |  1- 3 |  4- 6 |  7- 9 | 10-12 || total
---------------------------+-------+-------+-------+-------++-------
   Fire: Sling             |   113 |    64 |       |       ||   177
         Orcbow            |       |   162 |   376 |   440 ||   978
 Invoke: Heroism           |       |       |     5 |    14 ||    19
    Use: Potion            |     3 |     3 |     1 |     1 ||     8
         Scroll            |     1 |    11 |     4 |     3 ||    19
 Armour: Robe              |     5 |       |    29 |     2 ||    36
         Leather armour    |     9 |     2 |       |       ||    11
         Ring mail         |       |    47 |    43 |       ||    90
         Steam dragon scal |       |       |       |    42 ||    42
         Troll leather arm |       |       |       |    14 ||    14
  Dodge: Dodged            |    41 |    72 |   161 |   195 ||   469

Table legend:
 A = Non-vault XP
 B = Vault XP
 C = Vault XP percentage of total XP
 D = Non-vault monster count
 E = Vault monster count
 F = Vault count percentage of total count
                 A         B        C        D         E       F
            +---------+---------+-------+---------+---------+-------
      Total |    5275 |    9954 |  65.4 |     167 |     147 |  46.8
            +---------+---------+-------+---------+---------+-------
        D:1 |      41 |       0 |   0.0 |      24 |       0 |   0.0
        D:2 |      47 |       0 |   0.0 |       6 |       0 |   0.0
        D:3 |      29 |       0 |   0.0 |      15 |       0 |   0.0
        D:4 |      81 |      95 |  54.0 |      17 |      27 |  61.4
        D:5 |     595 |       0 |   0.0 |      21 |       0 |   0.0
        D:6 |    1140 |      54 |   4.5 |      29 |       5 |  14.7
        D:7 |     721 |    2949 |  80.4 |      12 |      32 |  72.7
        D:8 |     879 |     202 |  18.7 |      23 |       1 |   4.2
        D:9 |    1742 |    3464 |  66.5 |      20 |      37 |  64.9
       D:10 |       0 |    2904 | 100.0 |       0 |       6 | 100.0
      Sewer |       0 |     286 | 100.0 |       0 |      39 | 100.0
            +---------+---------+-------+---------+---------+-------
